 Dungeon Crawl Stone Soup version 0.20.1-1-g8b1a95d (webtiles) character file.

250 acidapple the Slasher (level 6, -4/44 HPs)
             Began as a Human Skald on Sept 7, 2017.
             Slain by an ogre
             ... wielding a +0 giant club
              (22 damage)
             ... on level 4 of the Dungeon.
             The game lasted 00:04:07 (2052 turns).

acidapple the Slasher (Human Skald)                 Turns: 2052, Time: 00:04:08

Health: -4/44      AC:  5    Str: 12    XL:     6   Next: 35%
Magic:  9/9        EV: 12    Int: 13    God:
Gold:   130        SH:  0    Dex: 14    Spells: 8/9 levels left

rFire    . . .     SeeInvis .   r - +0 blowgun
rCold    . . .     Gourm    .   (no shield)
rNeg     . . .     Faith    .   b - +0 leather armour
rPois    .         Spirit   .   (no helmet)
rElec    .         Reflect  .   v - +0 cloak
rCorr    .         Harm     .   m - +0 pair of gloves
MR       .....                  (no boots)
Stlth    +.........             (no amulet)
Regen    0.2/turn               (no ring)
MPRegen  0.2/turn               (no ring)

@: no status effects
A: no striking features
a: no special abilities


You were on level 4 of the Dungeon.
You were hungry.

You visited 1 branch of the dungeon, and saw 4 of its levels.

You collected 130 gold pieces.

Inventory:

Hand Weapons
 a - a +0 falchion
 r - a +0 blowgun (weapon)
Missiles
 s - 10 poisoned needles (quivered)
Armour
 b - a +0 leather armour (worn)
 m - a +0 pair of gloves (worn)
 v - a +0 cloak (worn)
Scrolls
 e - a scroll of amnesia {unknown}
 f - a scroll of noise {unknown}
 h - a scroll of remove curse {unknown}
 k - a scroll of magic mapping {unknown}
 l - a scroll of recharging {unknown}
 n - a scroll of immolation {unknown}
 o - 2 scrolls of identify
 p - a scroll of fog {unknown}
 q - a scroll of enchant armour {unknown}
Potions
 g - 4 potions of brilliance
 j - a potion of degeneration {unknown}
 u - 2 potions of lignification {unknown}
 w - a potion of berserk rage
Books
 c - a book of Battle

   Spells                             Type                      Level
   a - Infusion                       Charms                       1
   b - Shroud of Golubria             Charms/Translocation         2
   c - Song of Slaying                Charms                       2
   d - Spectral Weapon                Hexes/Charms                 3
   e - Regeneration                   Charms/Necromancy            3
Comestibles
 d - 4 bread rations
 i - 2 meat rations
 t - 4 fruits


   Skills:
 - Level 2.0 Fighting
 + Level 6.2 Long Blades
 - Level 1.0 Armour
 - Level 2.0 Dodging
 - Level 2.0 Spellcasting
 - Level 3.0 Charms


You had 8 spell levels left.
You knew the following spells:

 Your Spells              Type           Power        Failure   Level  Hunger
a - Infusion              Chrm           #...         10%         1    ##.....


Dungeon Overview and Level Annotations

Branches:
Dungeon (4/15)
 Temple: D:4-7

Altars:
Nemelex Xobeh
Yredelemnul


Message History

Aim: an ogre, wielding a giant club (severely wounded, poisoned)
You shoot a poisoned needle. The poisoned needle hits the ogre.
The ogre is severely wounded.
The ogre looks more healthy.
The ogre barely misses you.
Firing (i - inventory):
s - 12 poisoned needles (quivered)
Press: ? - help, Shift-Dir - straight line, f/p - ogre
Aim: an ogre, wielding a giant club (severely wounded)
You shoot a poisoned needle. The poisoned needle hits the ogre.
The ogre is poisoned.
The ogre is severely wounded.
The ogre looks more healthy.
Firing (i - inventory):
s - 11 poisoned needles (quivered)
Press: ? - help, Shift-Dir - straight line, f/p - ogre
Aim: an ogre, wielding a giant club (almost dead)
You shoot a poisoned needle. The poisoned needle hits the ogre.
The ogre is poisoned.
The ogre is almost dead.
The ogre hits you with a giant club!!
Ouch! That really hurt!
You die...

... #### ... #.. .(. #####
#.# #...####.## #.......#
#...##..## ### #.#.##...#...
###############O#.###..#.####
(........(...(..@....).......
#####....#......#.###).######
#....#.#..#.#.#....##
#...(..#..#<..#.....#
#......#.....##.....#
#......#......#.....##
#......#.#...........#
#......#.#<..........##
...#...#.#............#


You could see an ogre.

Vanquished Creatures
  A sky beast (D:3)
  2 worker ants (D:4)
  3 gnolls (D:4)
  2 adders (D:2)
  An ooze (D:2)
  2 dart slugs (D:1)
  2 worms
  A leopard gecko (D:3)
  3 orcs (D:3)
  A ball python (D:3)
  3 giant cockroaches
  6 goblins
  9 hobgoblins
  6 bats
  4 frilled lizards
  2 gnoll zombies (D:2)
  A kobold (D:3)
  6 rats
55 creatures vanquished.

Notes
Turn   | Place    | Note
-------+----------+-------------------------------------------
     0 | D:1      | acidapple the Human Skald began the quest for the Orb.
     0 | D:1      | Reached XP level 1. HP: 16/16 MP: 3/3
   176 | D:1      | Reached XP level 2. HP: 17/22 MP: 0/5
   345 | D:1      | Reached skill level 3 in Long Blades
   523 | D:2      | Reached XP level 3. HP: 27/27 MP: 0/6
   725 | D:2      | Found a faded altar of an unknown god.
   840 | D:2      | Reached skill level 4 in Long Blades
   840 | D:2      | Reached XP level 4. HP: 23/33 MP: 2/7
   985 | D:2      | Found a basalt altar of Yredelemnul.
  1272 | D:3      | Found a sparkling altar of Nemelex Xobeh.
  1799 | D:4      | Reached XP level 5. HP: 31/38 MP: 4/8
  1807 | D:4      | Noticed a sky beast
  1825 | D:3      | Killed a sky beast
  1825 | D:3      | Reached skill level 5 in Long Blades
  1825 | D:3      | Reached XP level 6. HP: 44/44 MP: 5/9
  1893 | D:4      | Reached skill level 6 in Long Blades
  1995 | D:4      | Noticed an ogre
  2052 | D:4      | Slain by an ogre

Skill      XL: |  1  2  3  4  5  6 |
---------------+-------------------+-----
Long Blades    | 3 4 5 6 |  6.2
Fighting       | |  2.0
Armour         | |  1.0
Dodging        | |  2.0
Spellcasting   | |  2.0
Charms         | |  3.0

Action                   |  1- 3 |  4- 6 || total
-------------------------+-------+-------++-------
Melee: Falchion          |    91 |   103 ||   194
 Fire: Blowgun           |       |     6 ||     6
 Cast: Infusion          |    11 |    11 ||    22
  Use: Scroll            |     1 |       ||     1
       Potion            |     2 |     2 ||     4
  Eat: Chunk             |       |     4 ||     4
Armor: Leather armour    |    27 |    30 ||    57
Dodge: Dodged            |    74 |    78 ||   152
       Rpst.: Falchion   |    23 |    24 ||    47
